 Dungeon Crawl Stone Soup version 0.31-a0-232-gb1c03b2570 (webtiles) character file.

Game seed: 1286999408364808439

250 qw the Shooter (level 5, -8/45 HPs)
             Began as a Minotaur Hexslinger on July 7, 2023.
             Was an Initiate of Okawaru.
             Mangled by an ogre
             ... wielding a +0 giant club
              (34 damage)
             ... on level 5 of the Dungeon.
             The game lasted 00:01:09 (3387 turns).

qw the Shooter (Minotaur Hexslinger)                Turns: 3387, Time: 00:01:10

Health: -8/45      AC:  7    Str: 12      XL:     5   Next: 88%
Magic:  5/5        EV: 11    Int: 14      God:    Okawaru [......]
Gold:   128        SH:  0    Dex: 10 (11) Spells: 5/6 levels left

rFire   . . .        Y - +1 sling (heavy)
rCold   . . .        (no shield)
rNeg    . . .        g - +0 ring mail
rPois   .            j - +2 hat
rElec   .            (no cloak)
rCorr   .            (no gloves)
SInv    .            (no boots)
Will    .....        c - amulet of faith
Stlth   +            (no ring)
HPRegen 0.27/turn    (no ring)
MPRegen 0.09/turn

%: faith
@: no status effects
A: horns 2, retaliatory headbutt, hooves 1, clever 1, clumsy 1, sturdy frame 1
a: Renounce Religion


You were on level 5 of the Dungeon.
You worshipped Okawaru.
Okawaru was noncommittal.
You visited 2 branches of the dungeon, and saw 6 of its levels.

You collected 128 gold pieces.


Innate Abilities, Weirdness & Mutations

You have a pair of horns on your head.
You reflexively headbutt those who attack you in melee.
You have large cloven feet.
Your mind is acute. (Int +4, Str/Dex -1)
You are clumsy. (Dex -2)
Your movements are slightly less encumbered by armour. (ER -2)


   Skills:
 - Level 3.1 Fighting
 + Level 5.8 Ranged Weapons
 - Level 2.0 Armour
 - Level 2.1 Dodging
 - Level 1.0 Spellcasting
 - Level 2.0 Hexes


You had 5 spell levels left.
You knew the following spells:

 Your Spells              Type           Power      Damage    Failure   Level
a - Slow                  Hex            24%        N/A       17%         1

Your spell library contained the following spells:

 Spells                   Type           Power      Damage    Failure   Level
 Inner Flame              Hex/Fire       3%         N/A       58%         3
 Portal Projectile        Hex/Tloc       6%         N/A       58%         3
 Cause Fear               Hex            3%         N/A       86%         4

Inventory:

Hand Weapons
 Y - a +1 heavy sling (weapon)
Armour
 g - a +0 ring mail (worn)
 j - a +2 hat (worn)
Jewellery
 c - an amulet of faith (around neck)
 i - an amulet of regeneration
Scrolls
 a - a scroll of enchant armour
 f - a scroll of teleportation
Potions
 b - a potion of degeneration {unknown}
 d - a potion of might {unknown}
 e - a potion of mutation
 h - a potion of curing
 k - a potion of lignification {unknown}

Dungeon Overview and Level Annotations

Branches:
Dungeon (5/15)             Temple (1/1) D:4

Altars:
Ashenzari
Cheibriados
Dithmenos
Elyvilon
Fedhas
Gozag
Hepliaklqana
Kikubaaqudgha
Okawaru
Qazlal
Ru
Sif Muna
Trog
Vehumet
Wu Jian
The Shining One


Message History

There is an open door here.
There is an open door here.
There is an open door here.
Found a falchion.
Enter note:
Found a book of Callings.
Enter note: An adder comes into view.
The adder hisses angrily.
You hear a shout!
Enter note: You shoot a sling bullet.
The sling bullet closely misses the adder.
An ogre comes into view. It is wielding a +0 giant club.
You shoot a sling bullet.
The sling bullet barely misses the adder.
You shoot a sling bullet. The sling bullet hits the adder!
The adder is almost dead.
The adder misses you. The adder bites you but does no damage.
You shoot a sling bullet.
The sling bullet closely misses the adder.
The adder bites you but does no damage. The adder barely misses you.
You shoot a sling bullet. The sling bullet misses the adder.
The adder misses you. The adder barely misses you. The ogre closely misses you.
The adder bites you but does no damage.
You shoot a sling bullet.
The sling bullet closely misses the adder.
The adder barely misses you.
The ogre hits you with a +0 giant club!!
The adder bites you but does no damage.
You shoot a sling bullet.
The sling bullet hits the adder but does no damage.
The adder is almost dead.
The adder bites you but does no damage. The ogre misses you.
The adder closely misses you.
You shoot a sling bullet.
The sling bullet barely misses the adder.
The adder bites you but does no damage.
The ogre hits you with a +0 giant club!!
Ouch! That really hurt!
You die...

'####.# .#.##.#
......# ### ....###
#.. ## ....# #.# ..
.#..# #.# ยค# .#..#
#####.# P. .#..#
#.....####.# .#..#
###.###...@O.#
.#..###....######S.#
#..#........# ..#
#.....#..#........:.
#............##....##
#...#......#..# ...#
#.............# ...#
#.............# ...#
#...#......#..#


You could see an ogre and an adder.

Vanquished Creatures
  A quasit (D:5)
  An iguana (D:4)
  A sleepcap (D:5)
  2 orc wizards (D:3)
  A gnoll (D:1)
  3 adders
  An ufetubus (D:4)
  6 orcs
  8 ball pythons
  6 endoplasms
  2 giant cockroaches (D:1)
  6 goblins
  8 hobgoblins
  2 jackals (D:1)
  4 quokkas
  4 bats
  2 frilled lizards
  4 kobolds
  6 rats
68 creatures vanquished.

Notes
Turn   | Place    | Note
-------+----------+-------------------------------------------
     0 | D:1      | qw the Minotaur Hexslinger began the quest for the Orb.
     0 | D:1      | Reached XP level 1. HP: 16/16 MP: 1/1
     0 | D:1      | 0 ||| qw: Version: 0.3-a-46-gb1f654a
     0 | D:1      | 0 ||| qw: Game counter: 2303
     0 | D:1      | 0 ||| qw: Melee chars always use a shield: true
     0 | D:1      | 0 ||| qw: God list: Okawaru
     0 | D:1      | 0 ||| qw: Allow faded altars: false
     0 | D:1      | 0 ||| qw: Do Orc after clearing Dungeon:15 true
     0 | D:1      | 0 ||| qw: Do second Lair branch before Depths: true
     0 | D:1      | 0 ||| qw: Lair rune preference: random
     0 | D:1      | 0 ||| qw: Goals: Normal
     0 | D:1      | 0 ||| PLANNING D:1-11
    27 | D:1      | 27 ||| FLEEEEING.
   110 | D:1      | Reached skill level 3 in Ranged Weapons
   110 | D:1      | Reached XP level 2. HP: 23/23 MP: 2/2
   268 | D:1      | Reached XP level 3. HP: 28/29 MP: 3/3
   690 | D:1      | 690 ||| UPGRADING to amulet of the acrobat.
   695 | D:1      | 695 ||| READING scroll labelled ROCSES BISAEMEF.
   696 | D:1      | 696 ||| READING scroll labelled UMOILO AFAE.
   697 | D:1      | 697 ||| READING scroll labelled LIVVUEKHLIQEO.
   700 | D:1      | 700 ||| READING 2 scrolls labelled GOVILI USTREOFF.
   701 | D:1      | 701 ||| DRINKING 3 bubbling red potions.
   704 | D:1      | 704 ||| DRINKING 2 silvery potions.
   705 | D:1      | 705 ||| DROPPING scroll of poison.
   706 | D:1      | 706 ||| DROPPING 2 potions of ambrosia.
   707 | D:1      | 707 ||| DROPPING scroll of vulnerability.
   803 | D:2      | Reached skill level 4 in Ranged Weapons
  1227 | D:2      | Found an ornate altar of the Wu Jian Council.
  1649 | D:2      | 1649 ||| UPGRADING to +0 ring mail.
  1659 | D:2      | 1659 ||| DROPPING +0 robe.
  1660 | D:2      | 1660 ||| UPGRADING to amulet of regeneration.
  1670 | D:2      | 1670 ||| DROPPING amulet of the acrobat.
  1671 | D:2      | 1671 ||| READING 2 scrolls labelled TIMEUF JONA.
  1672 | D:2      | 1672 ||| READING scroll labelled AMACZE ARUGEULA.
  1673 | D:2      | 1673 ||| READING scroll labelled XANAHU NOPSA.
  1674 | D:2      | 1674 ||| READING 2 scrolls labelled OSOTRY YWUIWO.
  1675 | D:2      | 1675 ||| READING scroll labelled GEOMMY QUGALOZAR.
  1676 | D:2      | 1676 ||| DROPPING scroll of blinking.
  1718 | D:3      | 1718 ||| STAIRDANCE
  1726 | D:3      | Reached XP level 4. HP: 36/36 MP: 4/4
  1826 | D:3      | 1826 ||| FLEEEEING.
  1827 | D:3      | 1827 ||| FLEEEEING.
  1828 | D:3      | 1828 ||| FLEEEEING.
  1829 | D:3      | 1829 ||| DRINKING 2 potions of curing.
  1829 | D:3      | 1829 ||| (to cure confusion)
  2402 | D:3      | Found a shadowy altar of Dithmenos.
  2423 | D:3      | Reached skill level 5 in Ranged Weapons
  2423 | D:3      | 2423 ||| DRINKING 2 potions of curing.
  2423 | D:3      | 2423 ||| (to cure confusion)
  2519 | D:3      | Reached XP level 5. HP: 41/41 MP: 5/5
  2597 | D:3      | 2597 ||| UPGRADING to amulet of faith.
  2730 | D:4      | Found a staircase to the Ecumenical Temple.
  2731 | D:4      | 2731 ||| PLANNING TEMPLE
  2731 | D:4      | 2731 ||| UPGRADING to +2 hat.
  2744 | Temple   | Entered the Ecumenical Temple
  2745 | Temple   | 2745 ||| PLANNING OKAWARU WORSHIP
  2868 | Temple   | Became a worshipper of Warmaster Okawaru
  2869 | Temple   | 2869 ||| PLANNING D:1-11
  2931 | D:4      | Reached skill level 3 in Fighting
  3193 | D:4      | 3193 ||| DRINKING 2 black potions.
  3193 | D:4      | Gained mutation: You are clumsy. (Dex -2) [potion of
                  | mutation]
  3193 | D:4      | Gained mutation: Your movements are slightly less
                  | encumbered by armour. (ER -2) [potion of mutation]
  3193 | D:4      | Gained mutation: You have large cloven feet. [potion of
                  | mutation]
  3193 | D:4      | Gained mutation: Your mind is acute. (Int +4, Str/Dex -1)
                  | [potion of mutation]
  3223 | D:5      | Entered Level 5 of the Dungeon
  3231 | D:5      | Found a radiant altar of Vehumet.
  3304 | D:5      | 3304 ||| FLEEEEING.
  3305 | D:5      | 3305 ||| FLEEEEING.
  3306 | D:5      | 3306 ||| FLEEEEING.
  3307 | D:5      | 3307 ||| FLEEEEING.
  3316 | D:5      | 3316 ||| FLEEEEING.
  3318 | D:5      | 3318 ||| FLEEEEING.
  3320 | D:5      | 3320 ||| FLEEEEING.
  3321 | D:5      | 3321 ||| FLEEEEING.
  3322 | D:5      | 3322 ||| FLEEEEING.
  3380 | D:5      | Noticed an ogre
  3387 | D:5      | Mangled by an ogre

Levels and vault maps discovered:
D:1:      grunt_arrival_lava_bath, layout_loops_ring
D:2:      layout_basic, basic_altar, serial_bayou_pond_c
D:3:      layout_basic, nicolae_dithmenos_through_a_glass_darkly
D:4:      layout_rooms, minmay_temple_entry_glassed_door
D:5:      minmay_bubble_buster, layout_loops_ring,
          grunt_temple_overflow_champion_of_chaos, nicolae_vehumet_altar_sigil,
          lemuel_crystal_altar, serial_demonic, serial_demonic_f,
          serial_demonic_c, serial_demonic_d, serial_demonic_g,
          serial_demonic_b, serial_demonic_e, serial_demonic_d,
          minmay_misc_feat_plants
Temple:   nicolae_temple_two_arcs

Skill      XL: |  1  2  3  4  5 |
---------------+----------------+-----
Ranged Weapons | 3 4 5 |  5.8
Fighting       | 2 3 |  3.1
Armour         | 2 |  2.0
Dodging        | |  2.1
Spellcasting   | |  1.0
Hexes          | |  2.0

Action                     |  1- 3 |  4- 6 || total
---------------------------+-------+-------++-------
   Fire: Sling             |    88 |   105 ||   193
    Use: Scroll            |     9 |       ||     9
         Potion            |     2 |     3 ||     5
 Armour: Robe              |     3 |       ||     3
         Ring mail         |       |    66 ||    66
  Dodge: Dodged            |    16 |    53 ||    69

Table legend:
 A = Non-vault XP
 B = Vault XP
 C = Vault XP percentage of total XP
 D = Non-vault monster count
 E = Vault monster count
 F = Vault count percentage of total count
                 A         B        C        D         E       F
            +---------+---------+-------+---------+---------+-------
      Total |     316 |      42 |  11.7 |      67 |       1 |   1.5
            +---------+---------+-------+---------+---------+-------
        D:1 |      48 |       0 |   0.0 |      21 |       0 |   0.0
        D:2 |      45 |       0 |   0.0 |      14 |       0 |   0.0
        D:3 |     108 |       0 |   0.0 |      19 |       0 |   0.0
        D:4 |      74 |       0 |   0.0 |      11 |       0 |   0.0
        D:5 |      41 |      42 |  50.6 |       2 |       1 |  33.3
            +---------+---------+-------+---------+---------+-------
